 Dungeon Crawl Stone Soup version 0.18.1-8-gdd0e5ea (console) character file.

99408 Kloppie the Warrior (level 15, 0/150 HPs)
             Began as a Minotaur Berserker on June 11, 2016.
             Was a High Priest of Trog.
             Slain by a shock serpent (9 damage)
             ... on level 1 of the Snake Pit.
             The game lasted 00:48:54 (26555 turns).

Kloppie the Warrior (Minotaur Berserker)           Turns: 26555, Time: 00:48:55

Health: 0/150      AC: 40    Str: 19    XL:     15   Next: 77%
Magic:  14/14      EV: 10    Int: 13    God:    Trog [*****.]
Gold:   1645       SH:  5    Dex: 23    Spells: 0 memorised, 14 levels left

rFire  . . .     SeeInvis .     a - +4 glaive (protect)
rCold  + . .     Gourm    .     e - +7 chain mail of Aclyniaf {+Blink rC+ Str-3 Dex+7}
rNeg   . . .     Faith    .     (shield currently unavailable)
rPois  +         Spirit   .     (helmet restricted)
rElec  .         Dismiss  .     O - +0 cloak of Spite {Int+4}
rCorr  .         Reflect  +     G - +2 pair of gloves
SustAt .         Harm     .     D - +1 pair of boots
MR     +++..                    R - amulet "Effud" {Reflect Int+5 SH+5}
Stlth  ..........               F - +5 ring of protection
                                q - ring of poison resistance

@: lethally poisoned (0 -> 0), exhausted, very slightly contaminated,
regenerating, slowed, very slow, extremely resistant to hostile enchantments,
extremely unstealthy
A: retaliatory headbutt, claws 1, horns 2, blurry vision 1, wild magic 1
a: Berserk, Trog's Hand, Brothers in Arms, Burn Spellbooks, Renounce Religion,
Evoke Blink


You were on level 1 of the Snake Pit.
You worshipped Trog.
Trog was extremely pleased with you.
You were not hungry.

You visited 4 branches of the dungeon, and saw 25 of its levels.
You also visited: Labyrinth and Volcano.

You collected 2677 gold pieces.
You spent 1032 gold pieces at shops.

Inventory:

Hand Weapons
 a - a +4 glaive of protection (weapon)
 b - a +4 halberd of venom
 v - a +4 bardiche of venom
 T - a +2 antimagic demon trident
Armour
 e - the +7 chain mail of Aclyniaf (worn) {+Blink rC+ Str-3 Dex+7}
   (You bought it in a shop on level 2 of the Orcish Mines)

   It affects your strength (-3).
   It affects your dexterity (+7).
   It protects you from cold.
   It lets you blink.
 D - a +1 pair of boots (worn)
 G - a +2 pair of gloves (worn)
 O - the +0 cloak of Spite (worn) {Int+4}
   (You found it on level 13 of the Dungeon)

   It affects your intelligence (+4).
Jewellery
 n - an uncursed amulet of regeneration
 q - a ring of poison resistance (left hand)
 x - an uncursed amulet of faith
 F - a +5 ring of protection (right hand)
 K - an uncursed ring of see invisible
 R - the amulet "Effud" (around neck) {Reflect Int+5 SH+5}
   (You found it on level 5 of the Lair of Beasts)

   [amulet of reflection]

   It shields you and reflects attacks.
   It affects your intelligence (+5).
   It affects your SH (+5).
Wands
 w - a wand of digging (13/24)
Scrolls
 d - 5 scrolls of identify
 j - 3 scrolls of enchant armour
 l - 5 scrolls of remove curse
 r - 12 scrolls of teleportation
 t - 3 scrolls of magic mapping
 u - 2 scrolls of recharging
 L - 4 scrolls of fear
 M - 3 scrolls of fog
Potions
 k - 7 potions of agility
 m - 5 potions of lignification
 s - 2 potions of resistance
 A - 2 potions of flight
 B - 10 potions of curing
 C - 3 potions of might
 E - 3 potions of heal wounds
 I - 6 potions of haste
 N - a potion of cure mutation
Comestibles
 c - 17 bread rations
 f - 6 beef jerkies
 g - 5 meat rations
 z - 3 slices of pizza
 S - a royal jelly


   Skills:
 + Level 18.7 Fighting
 + Level 18.7 Polearms
 + Level 18.5 Armour
 - Level 2.1 Dodging


You had 14 spell levels left.
You didn't know any spells.

Dungeon Overview and Level Annotations

Branches:
Dungeon (15/15)            Temple (0/1) D:6            Lair (7/8) D:10
 Shoals (0/4) Lair:4        Snake (1/4) Lair:6        Slime (0/6) Lair:7
    Orc (2/2) D:10            Elf (0/3) Orc:2        Vaults (0/5) D:14
 Depths (0/5) D:15

Altars:
Ashenzari
Cheibriados
Elyvilon
Gozag
Kikubaaqudgha
Makhleb
Nemelex Xobeh
Okawaru
Qazlal
Sif Muna
Trog
Vehumet
Xom
Yredelemnul
Beogh

Shops:
D:12 *   D:13 =   Orc:2 *([*%

Annotations:
D:15 exclusion: Roxanne, Roxanne
Lair:1 exclusion: oklob plant


Innate Abilities, Weirdness & Mutations

You reflexively headbutt those who attack you in melee.
You have a pair of horns on your head.
You have sharp fingernails.
Scrolls take you a little longer to read.
Your spells are a little harder to cast, but a little more powerful.


Message History

The naga hits you but does no damage. The guardian serpent barely misses you.
The shock serpent bites you but does no damage.
The naga hits you but does no damage. The naga constricts you.
Blink to where?
Press: ? - help, Dir - move target cursor You escape the naga's grasp.
You are very lightly contaminated with residual magic.
As you read the scroll of blinking, it crumbles to dust.
You feel sick.
You feel very sick.
You feel sick.
The guardian serpent coils itself and waves its upper body at you.
The bolt of poison hits you! You resist.
The guardian serpent weaves intricate patterns with the tip of its tongue.
The shock serpent blinks!
The naga blinks into view! x2; The naga blinks!
The naga spits poison at you. The splash of poison hits you! You resist.
You block the shock serpent's attack.
You feel sick. The shock serpent bites you!
You die...

..### ##.## ##... .....#
##...# ..... ......###....##
.....
........#.....#########.....
...............##...........
............................
............NN...§....N)....
###...)...@....S.§..)§)....
........<...SN..#.....SN....
...............##...........
..............###...........
......###.....# #####.......
...... ##....# ........
.....# ##..## ........ ....#
#### ......... ... ........N


You could see a shock serpent, a guardian serpent and 3 nagas.

Vanquished Creatures
  Rupert (D:13)
  Louise (D:15)
  The ghost of Kloppie the Severer, a journeyman HOBe of Trog (Orc:2)
  Snorg (Lair:3)
  An ettin (D:15)
  The ghost of Ery the Protected, a journeyman MiBe of Trog (D:12)
  A minotaur (Lab)
  Josephine (D:13)
  2 ogre magi
  5 vault guards (D:14)
  A great orb of eyes (D:12)
  2 naga warriors (Snake:1)
  5 hydras
  Erica (D:11)
  A catoblepas (Lair:4)
  A centaur warrior (D:12)
  A tengu warrior (D:15)
  A death yak (Lair:6)
  9 orc high priests (Orc:2)
  Urug (D:15)
  2 deep elf knights (D:14)
  2 slime creatures (D:13)
  An unseen horror (shapeshifter) (D:15)
  3 unseen horrors
  8 hill giants
  A wizard (D:14)
  A deep elf archer (D:15)
  A mana viper (shapeshifter) (D:13)
  6 griffons
  4 orc sorcerers
  6 deep elf magi
  2 cyclopes
  8 ugly things
  A salamander (Snake:1)
  4 centaur zombies
  16 black mambas
  A torpor snail (Lair:6)
  A naga mage (Snake:1)
  13 spiny frogs
  2 gargoyles
  2 centaur skeletons
  A storm dragon simulacrum (D:15)
  6 yaktaurs
  2 kobold demonologists (D:13)
  2 efreet
  A rime drake (Lair:6)
  7 komodo dragons
  6 trolls
  7 polar bears
  A two-headed ogre (D:9)
  A boulder beetle (Lair:6)
  25 blink frogs
  The ghost of MirrMurr the Cudgeler, an amateur GrBe of Trog (D:4)
  3 spriggans
  A shadow (D:14)
  33 yaks
  A yak (shapeshifter) (D:14)
  2 basilisks (D:13)
  5 wyverns
  5 wraiths
  7 hippogriffs
  15 vampire mosquitoes
  6 wargs
  A naga (Snake:1)
  2 mottled dragons
  A soldier ant (D:13)
  18 water moccasins
  16 porcupines
  3 sky beasts
  7 black bears
  18 orc warriors
  An eye of draining (D:9)
  2 phantoms
  A wasp (D:8)
  5 ogres
  3 ice beasts
  2 wolves
  2 centaurs
  17 crocodiles
  6 big kobolds
  16 giant frogs
  A wyvern zombie (D:6)
  2 scorpions
  12 killer bees
  18 wights
  The ghost of tschems the Grave Robber, a weakling HuNe (D:3)
  4 electric eels
  A giant frog zombie (D:12)
  9 crimson imps
  2 quasits
  6 hounds
  13 jellies
  25 orc priests
  16 orc wizards
  14 worker ants
  9 iguanas
  5 hell rats (Lair:4)
  11 sheep
  A killer bee zombie (D:11)
  A hound zombie (D:6)
  A howler monkey zombie (D:8)
  A worker ant zombie (D:5)
  4 gnolls (D:6)
  61 river rats
  14 adders
  2 shadow imps
  5 oozes (Lair:7)
  An adder zombie (D:7)
  3 adder skeletons
  3 worms
  2 dart slugs (D:2)
  6 giant geckos
  80 orcs
  4 giant cockroaches
  8 hobgoblins
  10 jackals
  25 kobolds
  4 quokkas
  4 ball pythons
  10 bats
  2 giant newts
  7 goblins
  A quokka skeleton (D:9)
  A quokka zombie (D:6)
  7 rats
  2 fungi (D:10)
801 creatures vanquished.

Vanquished Creatures (collateral kills)
  A big kobold (D:10)
  An orc priest (D:10)
  4 orc wizards
  2 orcs
  6 kobolds (D:10)
  A bat (D:10)
  A fungus (D:10)
  A plant (D:10)
17 creatures vanquished.

Vanquished Creatures (others)
  A hydra (Lair:7)
  A naga (Snake:1)
  An adder (D:11)
  A river rat (Lair:7)
  16 fungi
  28 plants
48 creatures vanquished.

Grand Total: 866 creatures vanquished

Notes
Turn   | Place    | Note
--------------------------------------------------------------
     0 | D:1      | Kloppie the Minotaur Berserker began the quest for the Orb.
     0 | D:1      | Reached XP level 1. HP: 19/19 MP: 0/0
   179 | D:1      | Reached XP level 2. HP: 27/27 MP: 1/1
   621 | D:1      | Reached ** piety under Trog
   749 | D:1      | Reached XP level 3. HP: 34/34 MP: 2/2
  1100 | D:2      | Reached XP level 4. HP: 38/41 MP: 3/3
  1210 | D:2      | Found an iron altar of Okawaru.
  1217 | D:2      | Found a bloodstained altar of Trog.
  1231 | D:2      | Found a shimmering altar of Xom.
  1238 | D:2      | Found a white marble altar of Elyvilon.
  1243 | D:2      | Found a stormy altar of Qazlal.
  1250 | D:2      | Found a sparkling altar of Nemelex Xobeh.
  1255 | D:2      | Found an opulent altar of Gozag.
  1378 | D:3      | Noticed tschems's ghost (weakling HuNe)
  1389 | D:3      | Killed tschems's ghost
  1389 | D:3      | Reached skill level 5 in Fighting
  1389 | D:3      | Reached XP level 5. HP: 44/48 MP: 2/4
  1678 | D:3      | Reached skill level 5 in Polearms
  1999 | D:4      | Noticed MirrMurr's ghost (amateur GrBe)
  2019 | D:4      | Killed MirrMurr's ghost
  2019 | D:4      | Reached skill level 5 in Armour
  2019 | D:4      | Reached XP level 6. HP: 55/57 MP: 3/5
  2554 | D:5      | Entered Level 5 of the Dungeon
  2615 | D:5      | Reached XP level 7. HP: 64/64 MP: 6/6
  2650 | D:5      | Reached *** piety under Trog
  3271 | D:6      | Found a shattered altar of Ashenzari.
  3292 | D:6      | Reached XP level 8. HP: 61/74 MP: 7/7
  3449 | D:6      | Found a staircase to the Ecumenical Temple.
  3665 | D:6      | Noticed a troll
  3692 | D:6      | Killed a troll
  3902 | D:6      | Gained mutation: Your muscles are strong. (Str +2) [potion of mutation]
  3902 | D:6      | Gained mutation: Your spells are a little harder to cast, but a little more powerful. [potion of mutation]
  3902 | D:6      | Gained mutation: Your body sometimes deteriorates upon taking damage. [potion of mutation]
  3903 | D:6      | Lost mutation: Your body sometimes deteriorates upon taking damage. [potion of cure mutation]
  3903 | D:6      | Lost mutation: Your muscles are strong. (Str +2) [potion of cure mutation]
  3904 | D:6      | Gained mutation: You have sharp fingernails. [potion of beneficial mutation]
  4616 | D:7      | Reached **** piety under Trog
  4810 | D:7      | Reached XP level 9. HP: 80/82 MP: 8/8
  5697 | D:8      | Found a basalt altar of Yredelemnul.
  5853 | D:8      | Found a snail-covered altar of Cheibriados.
  5857 | D:8      | Found a deep blue altar of Sif Muna.
  5979 | D:8      | Reached ***** piety under Trog
  6036 | D:8      | Found a burning altar of Makhleb.
  6037 | D:8      | Found a radiant altar of Vehumet.
  6132 | D:8      | Reached skill level 10 in Fighting
  6271 | D:9      | Reached skill level 10 in Polearms
  6325 | D:9      | Reached skill level 10 in Armour
  6618 | D:9      | Reached XP level 10. HP: 92/94 MP: 5/9
  7222 | D:10     | Entered Level 10 of the Dungeon
  7252 | D:10     | Found a staircase to the Lair.
  7566 | D:10     | Found a staircase to the Orcish Mines.
  7647 | D:10     | Noticed a purple ugly thing
  7668 | D:10     | Killed a purple ugly thing
  7786 | D:10     | Noticed a hill giant
  7808 | D:10     | Killed a hill giant
  8222 | D:10     | Found a deep blue altar of Sif Muna.
  8372 | Lair:1   | Entered Level 1 of the Lair of Beasts
  8396 | Lair:1   | Noticed a seven-headed hydra
  8410 | Lair:1   | Killed a seven-headed hydra
  8677 | Lair:1   | Noticed a spiny frog
  8686 | Lair:1   | Killed a spiny frog
  8686 | Lair:1   | Received a gift from Trog
  8686 | Lair:1   | Reached XP level 11. HP: 98/104 MP: 10/10
  8762 | Lair:1   | Found an ancient bone altar of Kikubaaqudgha.
  8762 | Lair:1   | Noticed an oklob plant
  8935 | Lair:1   | Noticed a four-headed hydra
  8952 | Lair:1   | Killed a four-headed hydra
 10593 | Lair:3   | Noticed Snorg
 10633 | Lair:3   | Killed Snorg
 10633 | Lair:3   | Reached XP level 12. HP: 115/115 MP: 11/11
 10641 | Lair:3   | Received a gift from Trog
 11644 | Lair:4   | Found a dark tunnel.
 11653 | Volcano  | Entered a volcano
 11969 | Lair:4   | Found a staircase to the Shoals.
 11974 | Lair:4   | Noticed a catoblepas
 11992 | Lair:4   | Killed a catoblepas
 12021 | Lair:4   | Found a labyrinth entrance.
 12030 | Lab      | Entered a labyrinth
 12603 | Lab      | Noticed a minotaur
 12610 | Lab      | Killed a minotaur
 12613 | Lab      | Got a bloodstained mace {crush}
 12620 | Lab      | Got a smoking leather armour
 12625 | Lair:4   | Identified the +1 leather armour "Kosok" {Int+5 Dex-3} (You found it in a labyrinth)
 12653 | Lair:4   | Identified the +2 mace of Conscience {crush, rElec MP-9 Str+6 SInv} (You took it off a minotaur in a labyrinth)
 12684 | Lair:4   | Received a gift from Trog
 12743 | Lair:4   | Found a stormy altar of Qazlal.
 13712 | Lair:5   | Got a faintly glowing crystal amulet
 13728 | Lair:5   | Identified the amulet "Effud" {Reflect Int+5 SH+5} (You found it on level 5 of the Lair of Beasts)
 14332 | Lair:5   | Reached ****** piety under Trog
 14579 | Lair:5   | Reached skill level 15 in Fighting
 14811 | Lair:6   | Reached XP level 13. HP: 98/126 MP: 12/12
 14825 | Lair:6   | Reached skill level 15 in Polearms
 15256 | Lair:6   | Reached skill level 15 in Armour
 15288 | Lair:6   | Received a gift from Trog
 16196 | Lair:6   | Found a staircase to the Snake Pit.
 16740 | Lair:7   | Found a staircase to the Slime Pits.
 17053 | Lair:7   | Found a deep blue altar of Sif Muna.
 17136 | Lair:7   | Received a gift from Trog
 18068 | Orc:1    | Entered Level 1 of the Orcish Mines
 18221 | Orc:2    | Entered Level 2 of the Orcish Mines
 18416 | Orc:2    | Noticed Kloppie's ghost (journeyman HOBe)
 18497 | Orc:2    | Killed Kloppie's ghost
 18854 | Orc:2    | Reached XP level 14. HP: 112/138 MP: 13/13
 18872 | Orc:2    | Found Lenegara's Antique Weapon Shop.
 19173 | Orc:2    | Found a roughly hewn altar of Beogh.
 19217 | Orc:2    | Found Fiw Cou's Food Shop.
 19217 | Orc:2    | Found Zaitraw's General Store.
 19442 | Orc:2    | Bought a scroll of identify for 26 gold pieces
 19442 | Orc:2    | Bought a scroll of identify for 26 gold pieces
 19442 | Orc:2    | Bought a scroll of teleportation for 39 gold pieces
 19669 | Orc:2    | Found a staircase to the Elven Halls.
 19706 | Orc:2    | Found Ophuenwi's Antique Armour Boutique.
 19714 | Orc:2    | Bought a faintly humming chain mail for 247 gold pieces
 19724 | Orc:2    | Identified the +7 chain mail of Aclyniaf {+Blink rC+ Str-3 Dex+7} (You bought it in a shop on level 2 of the Orcish Mines)
 19951 | Orc:2    | Found Kokyb's Assorted Antiques.
 19962 | Orc:2    | Gained mutation: Scrolls take you a little longer to read. [a neqoxec]
 19982 | Orc:2    | Bought 2 scrolls of enchant armour for 420 gold pieces
 19982 | Orc:2    | Bought a scroll of identify for 56 gold pieces
 20327 | D:11     | Noticed Erica
 20352 | D:11     | Killed Erica
 20470 | D:11     | Found a huge runed gate.
 20470 | D:11     | Found a huge runed gate.
 20470 | D:11     | Found a huge runed gate.
 20470 | D:11     | Found a huge runed gate.
 20547 | D:11     | Received a gift from Trog
 20611 | D:11     | Identified the Papyrus of Sand
 20619 | D:11     | Identified Ts'ui Pên's Grimoire of Forking Paths
 20633 | D:11     | Identified the Compendium of Combed Thunderclap
 21072 | D:12     | Noticed Ery's ghost (journeyman MiBe)
 21087 | D:12     | Killed Ery's ghost
 21343 | D:12     | Found Wuanomp's General Store.
 21499 | D:12     | Bought a scroll of blinking for 112 gold pieces
 21499 | D:12     | Bought a scroll of fog for 30 gold pieces
 22057 | D:13     | Got a smoking cloak
 22060 | D:13     | Identified the +0 cloak of Spite {Int+4} (You found it on level 13 of the Dungeon)
 22104 | D:13     | Noticed Josephine
 22114 | D:13     | Killed Josephine
 22423 | D:13     | Found Uptiuw's Jewellery Shop.
 22431 | D:13     | Bought a cursed ring of teleportation for 76 gold pieces
 22456 | D:13     | Noticed Rupert
 22480 | D:13     | Killed Rupert
 22501 | D:13     | Reached XP level 15. HP: 103/149 MP: 14/14
 23194 | D:14     | Received a gift from Trog
 23339 | D:14     | Found a basalt altar of Yredelemnul.
 23452 | D:14     | Found a gate to the Vaults.
 24529 | D:15     | Entered Level 15 of the Dungeon
 24925 | D:15     | Found an opulent altar of Gozag.
 24950 | D:15     | Noticed Roxanne
 25511 | D:15     | Noticed Louise
 25539 | D:15     | Killed Louise
 25599 | D:15     | Found a staircase to the Depths.
 25617 | D:15     | Noticed Urug
 25629 | D:15     | Killed Urug
 26496 | Snake:1  | Entered Level 1 of the Snake Pit
 26536 | Snake:1  | Received a gift from Trog
 26555 | Snake:1  | Slain by a shock serpent

Skill      XL: |  1  2  3  4  5  6  7  8  9 10 11 12 13 14 15 |
---------------+----------------------------------------------+-----
Fighting       | 4 5 6 7 8 10 12 13 15 16 17 18 | 18.7
Armour         | 3 4 5 7 8 10 11 13 14 16 17 18 | 18.5
Polearms       | 4 5 6 7 8 10 12 13 14 16 17 18 | 18.7
Dodging        | |  2.1

Action                   |  1- 3 |  4- 6 |  7- 9 | 10-12 | 13-15 || total
-------------------------+-------+-------+-------+-------+-------++-------
Melee: Spear             |    87 |   186 |   382 |       |       ||   655
       Headbutt          |    13 |    25 |    95 |   199 |   297 ||   629
       Trident           |       |       |   106 |   883 |   127 ||  1116
       Halberd           |       |       |       |       |  1123 ||  1123
       Glaive            |       |       |       |       |    71 ||    71
       Demon trident     |       |       |       |       |    10 ||    10
Invok: Berserk           |       |     1 |     6 |     6 |    11 ||    24
       Trog's Hand       |       |       |     3 |     5 |    12 ||    20
       Brothers in Arms  |       |       |       |     1 |     2 ||     3
  Use: Scroll            |       |     1 |    20 |    13 |     6 ||    40
       Potion            |       |       |     3 |       |     1 ||     4
 Stab: Petrified         |       |       |       |     1 |       ||     1
       Distracted        |       |       |       |       |     1 ||     1
  Eat: Chunk             |     1 |     6 |    13 |    26 |    29 ||    75
       Meat ration       |       |       |     1 |     1 |     4 ||     6
       Beef jerky        |       |       |     1 |       |     1 ||     2
       Royal jelly       |       |       |       |     1 |       ||     1
       Fruit             |       |       |       |       |     1 ||     1
Armor: Ring mail         |    25 |    24 |       |     2 |       ||    51
       Plate armour      |       |    50 |   204 |   282 |       ||   536
       Chain mail        |       |       |       |   127 |   764 ||   891
Dodge: Dodged            |    33 |    57 |   118 |   257 |   418 ||   883
Block: Other             |       |       |       |       |   163 ||   163
       Reflection        |       |       |       |       |    13 ||    13
